 Dungeon Crawl Stone Soup version 0.29-a0-338-g1ff7896281 (webtiles) character file.

Game seed: 16308232054649010231

53 sokol815 the Shield-Bearer (level 4, -2/35 HPs)
             Began as a Human Fighter on Apr 17, 2022.
             Splashed by a jelly's acid (8 damage)
             ... on level 2 of the Dungeon.
             The game lasted 00:02:36 (1342 turns).

sokol815 the Shield-Bearer (Human Fighter)          Turns: 1342, Time: 00:02:37

Health: -2/35      AC:  0    Str: 16    XL:     4   Next: 10%
Magic:  4/4        EV:  8    Int: 10    God:
Gold:   93         SH:  4    Dex: 13    Spells: 2/3 levels left

rFire   . . .      SeeInvis .   a - +0 war axe
rCold   . . .      Faith    .   c - +0 buckler
rNeg    . . .      Spirit   .   b - +0 scale mail
rPois   .          Reflect  .   l - +0 helmet
rElec   .          Harm     .   (no cloak)
rCorr   .          Rampage  .   (no gloves)
Will    +....                   (no boots)
Stlth   ..........              (no amulet)
HPRegen 0.11/turn               f - ring of Pantheism {Will+ Slay+2}
MPRegen 0.09/turn               (no ring)

@: mighty, corroded
A: no striking features
a: no special abilities


You were on level 2 of the Dungeon.
You visited 1 branch of the dungeon, and saw 2 of its levels.

You collected 93 gold pieces.

Inventory:

Hand Weapons
 a - a +0 war axe (weapon)
Missiles
 n - 5 poisoned darts
 s - 62 stones
Armour
 b - a +0 scale mail (worn)
 c - a +0 buckler (worn)
 j - a +0 leather armour
   (You found it on level 1 of the Dungeon)
 l - a +0 helmet (worn)
   (You found it on level 1 of the Dungeon)
Jewellery
 f - the ring of Pantheism (left hand) {Will+ Slay+2}
   (You acquired it on level 2 of the Dungeon)

   [ring of willpower]

   Slay:      It affects your accuracy & damage with ranged weapons and melee
   (+2).
   Will:      It increases your willpower.
Scrolls
 h - a scroll of enchant armour {unknown}
 k - a scroll of vulnerability {unknown}
 m - a scroll of identify {unknown}
 o - a scroll of teleportation {unknown}
Potions
 d - a potion of haste {unknown}
 e - a potion of magic {unknown}
 g - a potion of attraction {unknown}
 i - a potion of brilliance {unknown}


   Skills:
 - Level 3.0 Fighting
 - Level 2.8 Axes
 - Level 3.0 Armour
 - Level 3.0 Shields
 + Level 2.6 Conjurations


You had 2 spell levels left.
You knew the following spells:

 Your Spells              Type           Power      Damage    Failure   Level
a - Magic Dart            Conj           20%        1d4       52%         1

Your spell library contained the following spells:

 Spells                   Type           Power      Damage    Failure   Level
 Searing Ray              Conj           10%        2d4       67%         2
 Fulminant Prism          Conj/Hex       1%         3d6       100%        4


Dungeon Overview and Level Annotations

Branches:
Dungeon (2/15)

Altars:

Shops:
D:1 (


Message History

You slash the giant cockroach!
You kill the giant cockroach!
You closely miss the hobgoblin. You hit the rat.
You kill the rat!
The hobgoblin hits you but does no damage.
You slash the hobgoblin!
You kill the hobgoblin!
No target in view!
No target in view!
You open the door.
There is an open door here.
m - a scroll labelled ZIDINO VAQAGITU Health restored: 29 A hobgoblin comes into view.
The hobgoblin shouts!
A rat comes into view.
You slash the hobgoblin!
You kill the hobgoblin!
No target in view!
No target in view!
A giant cockroach comes into view.
You see here a hobgoblin corpse.
Found an escape hatch in the floor.
You block the giant cockroach's attack. The rat barely misses you.
You hit the giant cockroach. You hit the rat. The giant cockroach bites you.
The rat closely misses you.
You take 2 damage, and have 27/29 hp.
You closely miss the giant cockroach. You hit the rat.
You kill the rat!
The giant cockroach bites you but does no damage.
The giant cockroach bites you.
You take 2 damage, and have 25/29 hp.
You closely miss the giant cockroach.
The giant cockroach bites you but does no damage. x2
You slash the giant cockroach!
You kill the giant cockroach!
You have reached level 4!
You feel agile.
You regained 6 hp, and now have 31/35 hp.
MP restored: 4 You see here a rat corpse.
You now have 74 gold pieces (gained 2).
You open the door.
There is an open door here.
A dart slug comes into view.
Health restored: 35 The dart slug launches a dart at you.
The slug dart hits you.
You take 2 damage, and have 33/35 hp.
A quokka comes into view.
Found 8 gold pieces.
Found a stone staircase leading up.
You block the dart slug's attack.
You hit the dart slug. You block the dart slug's attack.
You hit the dart slug.
You kill the dart slug!
The quokka twitches its whiskers.
The quokka misses you.
You barely miss the quokka.
The quokka bites you but does no damage.
You closely miss the quokka.
The quokka bites you but does no damage. x2
You closely miss the quokka. You block the quokka's attack.
The quokka bites you.
You take 1 damage, and have 33/35 hp.
You closely miss the quokka.
The quokka bites you but does no damage.
You hit the quokka.
You kill the quokka!
No target in view!
No target in view!
Things that are here:
a quokka corpse; a dart slug corpse; Health restored: 35 You now have 82 gold pieces (gained 8).
s - 62 stones (gained 19)
n - 5 poisoned darts You open the door.
There is an open door here.
Found a stone staircase leading up.
You now have 93 gold pieces (gained 11).
o - a scroll labelled YCLICU WASECK A jelly comes into view.
The jelly quivers.
The jelly jiggles.
The jelly hits you but does no damage.
You hit the jelly. The acid corrodes you!
Your hands burn!
You block the jelly's attack.
You hit the jelly. The acid corrodes you!
Your hands burn!
You block the jelly's attack. The jelly hits you.
You are splashed with acid.
You take 11 damage, and have 24/35 hp.
MASSIVE DAMAGE!!
You hit the jelly. The acid corrodes you!
Your hands burn!
The jelly hits you. The acid corrodes you!
You are splashed with acid!
* * * LOW HITPOINT WARNING * * *
You take 15 damage, and have 9/35 hp.
MASSIVE DAMAGE!!
You feel very mighty all of a sudden. The jelly hits you.
* * * LOW HITPOINT WARNING * * *
You are splashed with acid!
You die...

#.# #############.#
#.............#
#####.######################
#.....#>∩,,,................
#.#####,,*####......########
#.#,,,,,,,..........÷...####
#.#,###.######......##......
#.#,......J@................
#.#*##########.............. #.#
#######........ #.#############
#....#### #.............# #....#
#############<# #....#
#########################....###
...............................##
..........#<....†..........#.....


You could see a jelly.

Vanquished Creatures
  An adder (D:2)
  A dart slug (D:2)
  5 ball pythons
  4 bats
  2 endoplasms
  4 giant cockroaches
  6 hobgoblins
  A jackal (D:2)
  3 kobolds (D:1)
  3 quokkas
  A frilled lizard (D:1)
  2 goblins
  5 rats
38 creatures vanquished.

Notes
Turn   | Place    | Note
-------+----------+-------------------------------------------
     0 | D:1      | sokol815 the Human Fighter began the quest for the Orb.
     0 | D:1      | Reached XP level 1. HP: 18/18 MP: 1/1
    22 | D:1      | Reached XP level 2. HP: 20/24 MP: 2/2
   122 | D:1      | Learned a level 1 spell: Magic Dart
   408 | D:1      | Reached skill level 1 in Conjurations
   464 | D:1      | Found Miroc's Weapon Emporium.
   483 | D:1      | Reached XP level 3. HP: 29/29 MP: 3/3
   772 | D:2      | Identified a scroll of acquirement
   772 | D:2      | Acquired the ring of Pantheism {Will+ Slay+2}
   934 | D:2      | Reached skill level 2 in Conjurations
  1137 | D:2      | Reached XP level 4. HP: 31/35 MP: 4/4
  1342 | D:2      | HP: 6/35 [jelly (3)]
  1342 | D:2      | Splashed by a jelly's acid

Illustrated notes

Levels and vault maps discovered:
D:1:      matt_arrival_refuge, layout_basic, serial_shops, shop,
          hangedman_abyss_or_decor_stabs, minmay_misc_feat_five,
          kennysheep_crisscross
D:2:      layout_basic, serial_shops, shop

Skill      XL: |  1  2  3 |
---------------+----------+-----
Conjurations   | 1 2 |  2.6
Fighting       | |  3.0
Axes           | |  2.8
Armour         | |  3.0
Shields        | |  3.0

Action                   |  1- 3 |  4- 6 || total
-------------------------+-------+-------++-------
Melee: War axe           |    86 |    10 ||    96
  Use: Scroll            |     4 |       ||     4
       Potion            |       |     1 ||     1
Armor: Scale mail        |    59 |     5 ||    64
Dodge: Dodged            |    41 |     1 ||    42
Block: Buckler           |    23 |     5 ||    28

Table legend: (Time is in decaauts)
 A = Elapsed time spent in this place.
 B = Non-inter-level travel time spent in this place.
 C = Inter-level travel time spent in this place.
 D = Time resting spent in this place.
 E = Time spent auto-exploring this place.
 F = Levels seen in this place.
 G = Mean time per level.
                   A        B        C        D        E       F      G
               +--------+--------+--------+--------+--------+-----+--------+
         Total |   1379 |   1354 |     25 |    105 |   1004 |   2 |  689.5 |
       Dungeon |   1379 |   1354 |     25 |    105 |   1004 |   2 |  689.5 |
               +--------+--------+--------+--------+--------+-----+--------+

Top non-repeatable levels by time:
     D:1: 727 daAuts
     D:2: 651 daAuts

Table legend:
 A = Kills in this place as a percentage of kills in entire the game.
 B = Kills by you in this place as a percentage of kills by you in the entire game.
 C = Kills by friends in this place as a percentage of kills by friends in the entire game.
 D = Other kills in this place as a percentage of other kills in the entire game.
 E = Experience gained in this place as a percentage of experience gained in the entire game.
 F = Experience gained in this place divided by the number of levels of this place that you have seen.
                   A       B       C       D       E      F
               +-------+-------+-------+-------+-------+----------------------
         Total | 100.0 | 100.0 |   N/A |   N/A | 100.0 |  38.0
       Dungeon | 100.0 | 100.0 |   N/A |   N/A | 100.0 |  38.0
               +-------+-------+-------+-------+-------+----------------------
